 Dungeon Crawl Stone Soup version 0.29-a0-283-ga02f740833 (webtiles) character file.

Game seed: 12981524154500665940

1502 Dabor the Skirmisher (level 9, 0/69 HPs)
             Began as a Formicid Abyssal Knight on Mar 13, 2022.
             Was a Priest of Lugonu.
             Slain by an iguana (4 damage)
             ... on level 6 of the Dungeon.
             The game lasted 00:17:51 (8685 turns).

Dabor the Skirmisher (Formicid Abyssal Knight)      Turns: 8685, Time: 00:17:51

Health: 0/69       AC:  9    Str: 22    XL:     9   Next: 8%
Magic:  13/13      EV: 12    Int: 10    God:    Lugonu [***...]
Gold:   293        SH:  0    Dex: 17    Spells: 8/8 levels left

rFire   + . .      SeeInvis +   a - +1 spear
rCold   + . .      Faith    .   (no shield)
rNeg    . . .      Spirit   .   r - +1 scale mail {Will+}
rPois   .          Reflect  .   (helmet unavailable)
rElec   .          Harm     .   (no cloak)
rCorr   .          Rampage  .   g - +0 pair of gloves
Will    +....                   (no boots)
Stlth   +.........              (no amulet)
HPRegen 0.21/turn               l - +6 ring of dexterity
MPRegen 0.13/turn               m - ring of protection from cold

@: no status effects
A: permanent stasis, dig shafts and tunnels, antennae 3, four strong arms, fire
resistance 1
a: Dig, Shaft Self, Renounce Religion, Depart the Abyss, Bend Space, Banish


You were on level 6 of the Dungeon.
You worshipped Lugonu.
Lugonu was most pleased with you.
You visited 1 branch of the dungeon, and saw 6 of its levels.
You visited the Abyss 1 time.

You collected 293 gold pieces.

Inventory:

Hand Weapons
 a - a +1 spear (weapon)
Missiles
 c - 8 boomerangs (quivered)
 d - 5 poisoned darts
 h - 5 atropa-tipped darts
Armour
 b - a +0 leather armour
 g - a +0 pair of gloves (worn)
 k - a +0 scale mail
 r - a +1 scale mail of willpower (worn)
Jewellery
 l - a +6 ring of dexterity (left hand)
 m - a ring of protection from cold (right hand)
Scrolls
 s - a scroll of blinking
Potions
 f - 4 potions of brilliance
 j - a potion of attraction
 n - 2 potions of degeneration


   Skills:
 * Level 6.1 Fighting
 * Level 5.0 Polearms
 + Level 0.6 Throwing
 * Level 5.5 Armour
 * Level 4.2 Dodging
 + Level 1.3 Stealth
 * Level 6.0 Invocations


You had 8 spell levels left.
You didn't know any spells.
Your spell library contained the following spells:

 Spells                   Type           Power      Damage    Failure   Level
 Beastly Appendage        Tmut           0%         N/A       67%         1
 Magic Dart               Conj           0%         1d3       67%         1
 Wereblood                Tmut           0%         N/A       80%         2
 Ignite Poison            Fire/Tmut/Pois 0%         N/A       95%         3
 Mephitic Cloud           Conj/Pois/Air  0%         N/A       95%         3
 Spider Form              Tmut/Pois      0%         N/A       95%         3
 Tukima's Dance           Hex            0%         N/A       95%         3
 Anguish                  Hex/Necr       0%         N/A       100%        4
 Fireball                 Conj/Fire      0%         3d3       100%        5
 Freezing Cloud           Conj/Ice/Air   0%         6-21      100%        5
 Metabolic Englaciation   Hex/Ice        0%         N/A       100%        5
 Starburst                Conj/Fire      0%         6d3       100%        6
 Enfeeble                 Hex            0%         N/A       100%        7
 Ignition                 Fire           0%         3d3       100%        8


Dungeon Overview and Level Annotations

Branches:
Dungeon (6/15)             Temple (0/1) D:4

Altars:
Elyvilon
Kikubaaqudgha


Innate Abilities, Weirdness & Mutations

You cannot be hasted, slowed, berserked, paralysed or teleported.
You can dig through walls and to a lower floor.
You have a pair of large antennae on your head. (SInv)
Your four strong arms can wield two-handed weapons with a shield.
Your flesh is heat resistant. (rF+)


Message History

You barely miss the iguana.
The iguana is heavily wounded.
The iguana bites you but does no damage.
You hit the iguana but do no damage.
The iguana is heavily wounded.
You puncture the iguana!
You kill the iguana!
Lugonu accepts your kill.
You hit the iguana.
The iguana is lightly wounded.
The iguana closely misses you.
You hit the iguana.
The iguana is heavily wounded.
The iguana barely misses you.
You hit the iguana.
The iguana is heavily wounded.
The iguana bites you!
* * * LOW HITPOINT WARNING * * *
You closely miss the iguana.
The iguana is heavily wounded.
The iguana misses you.
You hit the iguana.
The iguana is severely wounded.
You hit the iguana but do no damage.
The iguana is severely wounded.
The iguana closely misses you.
You barely miss the iguana.
The iguana is severely wounded.
The iguana completely misses you.
You hit the iguana but do no damage.
The iguana is severely wounded.
The iguana closely misses you.
You hit the iguana.
The iguana is almost dead.
The iguana bites you!
* * * LOW HITPOINT WARNING * * *
You hit the iguana but do no damage.
The iguana is almost dead.
The iguana bites you.
You die...

## #..## #####......
#.@l....... #.. #
##.##....... #.. .#
#...##...... #.##.#
#.♣.# ...... #....##
#...# ....) #.....
##.## ..... #... #.#
.... #####.######
##.## ###.
...<...#...###...###..


You could see an iguana.

Vanquished Creatures
  The ghost of mora the Sneak, a novice OpBr (D:4)
  A black bear (D:6)
  2 ice beasts
  A centaur (D:5)
  A bullfrog (D:6)
  3 scorpions (D:5)
  2 necrophages
  A gnoll shaman (D:5)
  An orc priest (D:3)
  A hound (D:4)
  6 iguanas
  12 gnolls
  6 adders
  2 ufetubi
  3 worms
  A dart slug (D:3)
  13 orcs
  5 endoplasms
  2 giant cockroaches
  7 goblins
  4 hobgoblins
  5 kobolds
  A quokka (D:1)
  8 ball pythons
  5 bats
  8 frilled lizards
  6 rats
108 creatures vanquished.

Vanquished Creatures (others)
  A withered plant (D:3)
1 creature vanquished.

Grand Total: 109 creatures vanquished

Notes
Turn   | Place    | Note
-------+----------+-------------------------------------------
     0 | Abyss:1  | Dabor the Formicid Abyssal Knight began the quest for the
                  | Orb.
     0 | Abyss:1  | Reached XP level 1. HP: 18/18 MP: 2/2
    10 | Abyss:1  | Noticed a large abomination
    10 | D:1      | Escaped the Abyss
    88 | D:1      | Reached ** piety under Lugonu
    89 | D:1      | Reached skill level 1 in Dodging
   251 | D:1      | Reached XP level 2. HP: 9/24 MP: 3/3
   802 | D:1      | Reached XP level 3. HP: 25/29 MP: 4/4
  1395 | D:2      | Gained mutation: You are frail. (-10% HP) [potion of
                  | mutation]
  1395 | D:2      | Gained mutation: You are somewhat resistant to further
                  | mutation. [potion of mutation]
  1405 | D:2      | Reached XP level 4. HP: 5/33 MP: 4/6
  2755 | D:3      | Reached XP level 5. HP: 7/37 MP: 7/7
  3066 | D:3      | Found an ancient bone altar of Kikubaaqudgha.
  3678 | D:3      | Reached XP level 6. HP: 24/43 MP: 8/8
  3679 | D:3      | Reached *** piety under Lugonu
  4495 | D:3      | Got Sif Muna's Volume of Icy Conjuration
  4675 | D:4      | Found a runed translucent gate.
  4675 | D:4      | Found a runed translucent gate.
  4675 | D:4      | Found a runed translucent gate.
  5069 | D:4      | Found a staircase to the Ecumenical Temple.
  5083 | D:4      | Reached XP level 7. HP: 44/49 MP: 10/10
  5388 | D:4      | Noticed mora's ghost (novice OpBr)
  5427 | D:4      | Killed mora's ghost
  5428 | D:4      | Reached skill level 5 in Fighting
  5493 | D:5      | Entered Level 5 of the Dungeon
  5623 | D:5      | Reached XP level 8. HP: 48/55 MP: 11/11
  6075 | D:5      | Reached skill level 5 in Invocations
  6718 | D:3      | Lost mutation: You are somewhat resistant to further
                  | mutation. [potion of mutation]
  6718 | D:3      | Lost mutation: You are frail. (-10% HP) [potion of
                  | mutation]
  6718 | D:3      | Gained mutation: Your body sometimes deteriorates upon
                  | taking damage. [potion of mutation]
  6718 | D:3      | Gained mutation: Your movements are slightly less
                  | encumbered by armour. (ER -2) [potion of mutation]
  6719 | D:3      | Lost mutation: Your body sometimes deteriorates upon taking
                  | damage. [potion of mutation]
  6719 | D:3      | Lost mutation: Your movements are slightly less encumbered
                  | by armour. (ER -2) [potion of mutation]
  6719 | D:3      | Gained mutation: Your flesh is heat resistant. (rF+)
                  | [potion of mutation]
  7515 | D:5      | Reached skill level 5 in Armour
  7550 | D:4      | HP: 3/63 [poisoned by an adder]
  8599 | D:6      | Found a white marble altar of Elyvilon.
  8653 | D:6      | Reached skill level 1 in Stealth
  8669 | D:6      | Reached skill level 5 in Polearms
  8669 | D:6      | Reached XP level 9. HP: 22/69 MP: 13/13
  8685 | D:6      | Slain by an iguana

Illustrated notes

Levels and vault maps discovered:
D:1:      psy_arrival_heroes, layout_basic
D:2:      layout_basic
D:3:      layout_basic, kiku_gazebo_garden_becter
D:4:      layout_basic, minmay_temple_entry_drinking_statues,
          ebering_ghost_rock_garden, lemuel_another_geyser
D:5:      layout_gridville
D:6:      layout_basic, elyvilon_altar_1, nicolae_qazlal_general_emergency,
          uniq_crazy_yiuf_cottage, uniq_grinder

Skill      XL: |  1  2  3  4  5  6  7  8 |
---------------+-------------------------+-----
Dodging        | 1 2 3 4 |  4.2
Invocations    | 3 4 6 |  6.0
Armour         | 3 4 5 |  5.5
Fighting       | 4 5 6 |  6.1
Polearms       | 3 4 5 |  5.0
Stealth        | 1 |  1.3
Throwing       | |  0.6

Action                   |  1- 3 |  4- 6 |  7- 9 || total
-------------------------+-------+-------+-------++-------
Melee: Spear             |    81 |   218 |   278 ||   577
       Punch             |     1 |     4 |     5 ||    10
Throw: Boomerang         |       |       |    15 ||    15
       Dart              |       |       |    10 ||    10
Invok: Depart the Abyss  |     1 |       |       ||     1
       Bend Space        |       |       |    14 ||    14
       Banish            |       |       |     1 ||     1
  Use: Potion            |     3 |     2 |    11 ||    16
       Scroll            |       |     1 |     6 ||     7
 Stab: Sleeping          |     1 |       |       ||     1
Armor: Leather armour    |    22 |     6 |       ||    28
       Scale mail        |       |    45 |   121 ||   166
Dodge: Dodged            |    27 |    82 |   150 ||   259

Table legend: (Time is in decaauts)
 A = Elapsed time spent in this place.
 B = Non-inter-level travel time spent in this place.
 C = Inter-level travel time spent in this place.
 D = Time resting spent in this place.
 E = Time spent auto-exploring this place.
 F = Levels seen in this place.
 G = Mean time per level.
                   A        B        C        D        E       F      G
               +--------+--------+--------+--------+--------+-----+--------+
         Total |   8654 |   8381 |    273 |   2768 |   4058 |   7 | 1236.3 |
       Dungeon |   8644 |   8371 |    273 |   2768 |   4049 |   6 | 1440.7 |
         Abyss |     10 |     10 |      0 |      0 |      9 |   1 |   10.0 |
               +--------+--------+--------+--------+--------+-----+--------+

Top non-repeatable levels by time:
     D:3: 2833 daAuts
     D:5: 1632 daAuts
     D:2: 1432 daAuts
     D:4: 1407 daAuts
     D:1: 1253 daAuts
     D:6: 84 daAuts
 Abyss:1: 10 daAuts
